 Dungeon Crawl Stone Soup version 0.20.1-1-g8b1a95d (console) character file.

2746 hilaritas the Cleaver (level 10, -2/74 HPs)
             Began as a Formicid Fighter on Aug 18, 2017.
             Was a Believer of the Shining One.
             Killed from afar by a gargoyle (36 damage)
             ... with a stone arrow
             ... on level 7 of the Dungeon.
             The game lasted 00:16:23 (7174 turns).

hilaritas the Cleaver (Formicid Fighter)            Turns: 7174, Time: 00:16:24

Health: -2/74      AC: 10    Str: 29    XL:     10   Next: 0%
Magic:  13/13      EV:  8    Int:  8    God:    the Shining One [**....]
Gold:   330        SH: 11    Dex: 10    Spells: 9/9 levels left

rFire    . . .     SeeInvis +   a - +1 war axe
rCold    . . .     Gourm    .   c - +0 shield
rNeg     + . .     Faith    .   l - +0 chain mail
rPois    .         Spirit   .   (helmet unavailable)
rElec    .         Reflect  .   (no cloak)
rCorr    .         Harm     +   q - +0 pair of gloves
MR       +....                  (no boots)
Stlth    ..........             y - amulet of harm
Regen    0.3/turn               C - +5 ring of strength
MPRegen  0.2/turn               (no ring)

@: glowing
A: permanent stasis, dig shafts and tunnels, four strong arms, antennae 3
a: Dig, Shaft Self, Divine Shield, Renounce Religion


You were on level 7 of the Dungeon.
You worshipped the Shining One.
The Shining One was pleased with you.
You were hungry.

You visited 2 branches of the dungeon, and saw 8 of its levels.
You also visited: Sewer.

You collected 330 gold pieces.

Inventory:

Hand Weapons
 a - a +1 war axe (weapon)
 i - a +0 whip
 E - a +1 hand axe of chopping
Missiles
 k - 2 tomahawks (quivered)
Armour
 c - a +0 shield (worn)
 l - a +0 chain mail (worn)
 q - a +0 pair of gloves (worn)
Jewellery
 d - an uncursed ring of flight
 y - an amulet of harm (around neck)
 C - a +5 ring of strength (left hand)
 G - an uncursed ring of wizardry
Wands
 t - a wand of lightning (8/15)
 v - a wand of polymorph (19/24)
 z - a wand of digging (8/24)
 F - a wand of polymorph (6/24)
Scrolls
 p - a scroll of fear
 A - a scroll of enchant weapon
 B - a scroll of magic mapping
 D - 3 scrolls of amnesia
Potions
 b - a potion of curing {unknown}
 e - 2 potions of brilliance {unknown}
 j - 3 potions of heal wounds
 m - 4 potions of lignification {unknown}
 n - a potion of degeneration {unknown}
 o - a potion of flight {unknown}
 r - 2 potions of might
 s - a potion of invisibility {unknown}
 u - a potion of ambrosia {unknown}
 x - a potion of resistance {unknown}
Comestibles
 f - 5 bread rations
 g - a meat ration


   Skills:
 * Level 5.3 Fighting
 - Level 10.1 Axes
 + Level 4.0 Armour
 + Level 7.6 Shields
 * Level 5.0 Invocations


You had 9 spell levels left.
You didn't know any spells.

Dungeon Overview and Level Annotations

Branches:
Dungeon (7/15)             Temple (1/1) D:4

Altars:
Ashenzari
Elyvilon
Fedhas
Nemelex Xobeh
Sif Muna
Trog
Vehumet
Xom
Yredelemnul
The Shining One


Innate Abilities, Weirdness & Mutations

You cannot be hasted, slowed, berserked, paralysed or teleported.
You can dig through walls and to a lower floor.
Your four strong arms can wield two-handed weapons with a shield.
You have a pair of large antennae on your head. (SInv)


Message History

The gargoyle hurls a stone arrow at you.
The stone arrow hits you!
You slash the gargoyle!
The gargoyle is severely damaged.
The gargoyle hits you but does no damage.
You hit the gargoyle but do no damage.
The gargoyle is severely damaged.
You hit the gargoyle but do no damage.
The gargoyle is severely damaged.
The gargoyle hurls a stone arrow at you.
The stone arrow hits you!
* * * LOW HITPOINT WARNING * * *
You hit the gargoyle but do no damage.
The gargoyle is severely damaged.
The gargoyle hits you with a mace!
* * * LOW HITPOINT WARNING * * *
It was a potion of heal wounds.
You feel much better.
The gargoyle hurls a stone arrow at you.
The stone arrow hits you!
You die...

#.# #...........#.########
###.### #.....#####.#.####....
#.....# #........##...........
#.....# #.....##......####....
#.....####....[#####..## ###.#
##)....................# #.#
##...........#######....# #.#
#)#######..###{###?###..# #.#
#.# #..#8##+@9## #..# ###.#
#.## ##.###'.....+###.# #....
##.## ##..#.#.......# #.#
#.### ##.###...##'.......+##.#
#.# ##...##.##)...8....##.#
##†###
######.##'.......+##.####.#...
#.#)#.......# #.......###
#.###+.....+###.###......
#..#{##†..## #..#.....##.


You could see a gargoyle.

Vanquished Creatures
  2 gargoyles (D:7)
  Sigmund (D:2)
  Duvessa (D:7)
  An ice beast (D:5)
  2 sky beasts
  2 ogres
  2 phantoms
  2 centaurs (D:5)
  Dowan (D:7)
  4 wights (D:7)
  3 quasits (D:4)
  3 jellies
  2 centaur skeletons (D:7)
  A gnoll shaman (D:6)
  An orc priest (D:5)
  2 hounds
  Natasha (thrice) (D:2)
  2 worker ants (D:7)
  12 gnolls
  11 adders
  2 river rats (Sewer)
  2 shadow imps
  An adder skeleton (D:4)
  An adder zombie (D:5)
  7 worms
  9 leopard geckos
  7 orcs
  3 ball pythons (Sewer)
  6 giant cockroaches
  8 hobgoblins
  3 iguanas
  9 kobolds
  A quokka (D:2)
  A ball python skeleton (D:5)
  4 bats
  10 frilled lizards
  10 goblins
  A jackal zombie (D:5)
  A leopard gecko skeleton (D:5)
  10 rats
154 creatures vanquished.

Notes
Turn   | Place    | Note
-------+----------+-------------------------------------------
     0 | D:1      | hilaritas the Formicid Fighter began the quest for the Orb.
     0 | D:1      | Reached XP level 1. HP: 18/18 MP: 1/1
   285 | D:1      | Reached XP level 2. HP: 22/24 MP: 2/2
   563 | D:1      | Reached XP level 3. HP: 29/29 MP: 3/3
   945 | D:2      | Noticed Sigmund
   952 | D:2      | Killed Sigmund
   952 | D:2      | Reached skill level 4 in Axes
   952 | D:2      | Reached skill level 5 in Shields
   952 | D:2      | Reached XP level 4. HP: 26/35 MP: 4/4
   952 | D:2      | Reached XP level 5. HP: 30/41 MP: 5/5
  1095 | D:2      | Reached XP level 6. HP: 47/47 MP: 6/6
  1116 | D:2      | Reached skill level 5 in Axes
  1127 | D:2      | Found a deep blue altar of Sif Muna.
  1189 | D:2      | Found a basalt altar of Yredelemnul.
  1607 | D:2      | Noticed Natasha
  1629 | D:2      | Killed Natasha
  1999 | D:2      | Noticed Natasha
  2004 | D:2      | Killed Natasha
  2365 | D:2      | Noticed Natasha
  2387 | D:2      | Killed Natasha
  2506 | D:3      | Reached skill level 6 in Axes
  2530 | D:3      | Found a radiant altar of Vehumet.
  2877 | D:3      | Reached XP level 7. HP: 52/52 MP: 7/7
  3414 | D:4      | Found a glowing drain.
  3418 | Sewer    | Entered a sewer
  3932 | D:4      | Found a staircase to the Ecumenical Temple.
  3938 | Temple   | Entered the Ecumenical Temple
  3947 | Temple   | Became a worshipper of the Shining One
  4066 | D:4      | Reached skill level 1 in Invocations
  4092 | D:4      | Reached skill level 7 in Axes
  4300 | D:4      | You fall through a shaft for 2 floors!
  4331 | D:6      | Found a shimmering altar of Xom.
  4397 | D:6      | Reached XP level 8. HP: 26/58 MP: 9/9
  4663 | D:6      | Found a bloodstained altar of Trog.
  4835 | D:5      | Entered Level 5 of the Dungeon
  5113 | D:5      | Reached * piety under the Shining One
  5116 | D:5      | Reached skill level 8 in Axes
  5463 | D:5      | Reached skill level 9 in Axes
  5645 | D:5      | Reached XP level 9. HP: 62/64 MP: 11/11
  6524 | D:7      | Reached skill level 10 in Axes
  6691 | D:7      | Reached ** piety under the Shining One
  6836 | D:7      | Noticed Duvessa
  6837 | D:7      | Noticed Dowan
  6843 | D:7      | Killed Duvessa
  6848 | D:7      | Killed Dowan
  6971 | D:7      | Noticed a gargoyle
  6972 | D:7      | Noticed a gargoyle
  6975 | D:7      | Killed a gargoyle
  6978 | D:7      | Killed a gargoyle
  6978 | D:7      | Reached skill level 5 in Fighting
  6978 | D:7      | Reached skill level 5 in Invocations
  6978 | D:7      | Reached XP level 10. HP: 34/74 MP: 13/13
  7167 | D:7      | Noticed a gargoyle
  7174 | D:7      | Killed from afar by a gargoyle

Skill      XL: |  1  2  3  4  5  6  7  8  9 |
---------------+----------------------------+-----
Shields        | 4 5 6 7 |  7.6
Axes           | 4 6 7 9 10 | 10.1
Invocations    | 2 3 5 |  5.0
Fighting       | 5 |  5.3
Armour         | 4 |  4.0

Action                   |  1- 3 |  4- 6 |  7- 9 | 10-12 || total
-------------------------+-------+-------+-------+-------++-------
Melee: War axe           |    56 |   157 |   333 |     6 ||   552
 Abil: Dig               |       |       |     2 |       ||     2
  Use: Potion            |     1 |       |       |     1 ||     2
       Scroll            |       |       |    12 |       ||    12
  Eat: Chunk             |       |     7 |     7 |       ||    14
       Royal jelly       |       |       |     1 |       ||     1
       Bread ration      |       |       |     1 |       ||     1
Armor: Scale mail        |    20 |     9 |       |       ||    29
       Chain mail        |       |    53 |   189 |     1 ||   243
Dodge: Dodged            |    21 |    40 |    95 |       ||   156
Block: Shield            |    30 |    59 |   189 |       ||   278
